IL
TACOMA RAINIERS @ OMAHA STORM CHASERS
09/04/2047
 
TOP OF THE 1ST
Tacoma Rainiers batting - Pitching for Omaha Storm Chasers : RHP Ken Hall
Pitching: RHP Ken Hall
Batting: RHB Brad Robidas 0-0: Ball
1-0: Foul Ball, location: 2F
1-1: Ball
2-1: Swinging Strike
2-2: Foul Ball, location: 2F
2-2: Fly out, F9 (Flyball, 9LD, EV 91.2 MPH)
Batting: LHB Jawad Fahad 0-0: Called Strike
0-1: Ball
1-1: Ground out 6-3 (Groundball, 6, EV 101.2 MPH)
Batting: LHB Josh Pittman 0-0: Ball
1-0: Ball
2-0: Called Strike
2-1: Foul Ball, location: 2F
2-2: Ball
3-2: Base on Balls
Batting: LHB Ryan Lowe 0-0: Foul Ball, location: 2F
0-1: Ball
1-1: SINGLE (Line Drive, 3D, EV 95.6 MPH)
Josh Pittman to second
Runner from 2nd tries for 3rd, SAFE, throw by RF made to third
Batting: RHB Josh Ruhl 0-0: Ball
1-0: Fly out, F5 (Line Drive, 5, EV 73.1 MPH)
Top of the 1st over - 0 runs, 1 hit, 0 errors, 2 left on base; Tacoma 0 - Omaha 0
BOTTOM OF THE 1ST
Omaha Storm Chasers batting - Pitching for Tacoma Rainiers : LHP Rentaro Minami
Pitching: LHP Rentaro Minami
Batting: SHB Ryoji Hiraoka 0-0: Foul Ball, location: 2F
0-1: Ball
1-1: Ball
2-1: Fly out, F9 (Flyball, 9, EV 97.5 MPH)
Batting: LHB Robby Diaz 0-0: Foul Ball, location: 2F
0-1: Ball
1-1: Ball
2-1: Swinging Strike
2-2: Strikes out swinging
Batting: LHB Jim Pankratz 0-0: Ball
1-0: Fly out, F7 (Flyball, 7D, EV 98.1 MPH)
Bottom of the 1st over - 0 runs, 0 hits, 0 errors, 0 left on base; Tacoma 0 - Omaha 0
TOP OF THE 2ND
Tacoma Rainiers batting - Pitching for Omaha Storm Chasers : RHP Ken Hall
Batting: RHB Leon Alders 0-0: Ball
1-0: Ball
2-0: Ground out 5-3 (Groundball, 56S, EV 89.4 MPH)
Batting: RHB Bill Vives 0-0: Ground out 5-3 (Groundball, 5, EV 83.1 MPH)
Batting: RHB Steve Martin 0-0: Foul Ball, location: 2F
0-1: Swinging Strike
0-2: Ball
1-2: Foul Ball, location: 2F
1-2: Ball
2-2: Ball
3-2: Ground out 6-3 (Groundball, 6, EV 89.4 MPH)
Top of the 2nd over - 0 runs, 0 hits, 0 errors, 0 left on base; Tacoma 0 - Omaha 0
BOTTOM OF THE 2ND
Omaha Storm Chasers batting - Pitching for Tacoma Rainiers : LHP Rentaro Minami
Batting: RHB Eric Sandell 0-0: Ball
1-0: Foul Ball, location: 2F
1-1: Ground out 4-3 (Groundball, 4, EV 83.1 MPH)
Batting: RHB Jerry Escamilla 0-0: Called Strike
0-1: Called Strike
0-2: Ball
1-2: Strikes out swinging
Batting: RHB Ken Postlethwaite 0-0: Ball
1-0: Called Strike
1-1: SINGLE (Groundball, 6D, EV 94.4 MPH)
Batting: RHB Yuichi Takata 0-0: Foul Ball, location: 2F
0-1: Foul Ball, location: 2F
0-2: Ball
1-2: Foul Ball, location: 2F
1-2: Ball
2-2: SINGLE (Groundball, 34, EV 101.9 MPH) (infield hit)
Ken Postlethwaite to second
Batting: RHB Colin Boddy 0-0: Ball
1-0: Called Strike
1-1: Ground out 1-3 (Groundball, 15, EV 71.9 MPH)
Bottom of the 2nd over - 0 runs, 2 hits, 0 errors, 2 left on base; Tacoma 0 - Omaha 0
TOP OF THE 3RD
Tacoma Rainiers batting - Pitching for Omaha Storm Chasers : RHP Ken Hall
Batting: RHB Kagetoki Kawai 0-0: Called Strike
0-1: Swinging Strike
0-2: Ball
1-2: Ball
2-2: Ball
3-2: Strikes out swinging
Batting: RHB Brad Robidas 0-0: Ball
1-0: SINGLE (Flyball, 4D, EV 90.6 MPH)
Batting: LHB Jawad Fahad 0-0: Hit by Pitch
Brad Robidas to second
Batting: LHB Josh Pittman 0-0: Ball
1-0: Ball
2-0: Ball
3-0: Base on Balls
Brad Robidas to third
Jawad Fahad to second
Batting: LHB Ryan Lowe 0-0: Ball
1-0: Foul Ball, location: 2F
1-1: Ground out U3 (Groundball, 3S, EV 58.8 MPH)
Brad Robidas scores
Jawad Fahad to third
Josh Pittman to second
Batting: RHB Josh Ruhl 0-0: Ball
1-0: Foul Ball, location: 2F
1-1: Foul Ball, location: 2F
1-2: Foul Ball, location: 2F
1-2: Ball
2-2: Ball
3-2: SINGLE (Groundball, 6MD, EV 96.9 MPH)
Jawad Fahad scores
Josh Pittman to third
Runner from 3rd tries for Home, throw by CF and OUT! 8-2
Top of the 3rd over - 2 runs, 2 hits, 0 errors, 1 left on base; Tacoma 2 - Omaha 0
BOTTOM OF THE 3RD
Omaha Storm Chasers batting - Pitching for Tacoma Rainiers : LHP Rentaro Minami
Batting: LHB Chris Eaker 0-0: Ball
1-0: Ball
2-0: Called Strike
2-1: Called Strike
2-2: Strikes out swinging
Batting: SHB Ryoji Hiraoka 0-0: Called Strike
0-1: Foul Ball, location: 2F
0-2: Ball
1-2: Foul Ball, location: 2F
1-2: Ball
2-2: Strikes out looking
Batting: LHB Robby Diaz 0-0: Foul Ball, location: 2F
0-1: Swinging Strike
0-2: Ball
1-2: Foul Ball, location: 2F
1-2: Ball
2-2: Ball
3-2: Strikes out swinging
Bottom of the 3rd over - 0 runs, 0 hits, 0 errors, 0 left on base; Tacoma 2 - Omaha 0
TOP OF THE 4TH
Tacoma Rainiers batting - Pitching for Omaha Storm Chasers : RHP Ken Hall
Batting: RHB Leon Alders 0-0: Called Strike
0-1: Ground out 5-3 (Groundball, 56, EV 82.5 MPH)
Batting: RHB Bill Vives 0-0: Called Strike
0-1: Foul Ball, location: 2F
0-2: Strikes out swinging
Batting: RHB Steve Martin 0-0: Foul Ball, location: 2F
0-1: SINGLE (Groundball, 6MD, EV 99.4 MPH)
Batting: RHB Kagetoki Kawai 0-0: Fly out, F7 (Flyball, 7LD, EV 90.6 MPH)
Top of the 4th over - 0 runs, 1 hit, 0 errors, 1 left on base; Tacoma 2 - Omaha 0
BOTTOM OF THE 4TH
Omaha Storm Chasers batting - Pitching for Tacoma Rainiers : LHP Rentaro Minami
Batting: LHB Jim Pankratz 0-0: Swinging Strike
0-1: Ball
1-1: Ground out 4-3 (Groundball, 4, EV 100.6 MPH)
Batting: RHB Eric Sandell 0-0: Called Strike
0-1: Called Strike
0-2: Foul Ball, location: 2F
0-2: Foul Ball, location: 2F
0-2: Foul Ball, location: 2F
0-2: Ground out 4-3 (Groundball, 4M, EV 83.8 MPH)
Batting: RHB Jerry Escamilla 0-0: Ball
1-0: Ball
2-0: Foul Ball, location: 2F
2-1: Ball
3-1: Foul Ball, location: 2F
3-2: Base on Balls
Batting: RHB Ken Postlethwaite 0-0: Foul Ball, location: 2F
0-1: Called Strike
0-2: Ball
1-2: Ball
2-2: Foul Ball, location: 2F
2-2: Ball
3-2: Strikes out swinging
Bottom of the 4th over - 0 runs, 0 hits, 0 errors, 1 left on base; Tacoma 2 - Omaha 0
TOP OF THE 5TH
Tacoma Rainiers batting - Pitching for Omaha Storm Chasers : RHP Ken Hall
Batting: RHB Brad Robidas 0-0: Ground out 6-3 (Groundball, 6, EV 79.4 MPH)
Batting: LHB Jawad Fahad 0-0: Ball
1-0: Ball
2-0: Called Strike
2-1: Ball
3-1: Base on Balls
Batting: LHB Josh Pittman 0-0: Ball
1-0: Swinging Strike
1-1: Foul Ball, location: 2F
1-2: Ball
2-2: Fly out, F8 (Line Drive, 89D, EV 89.4 MPH)
Batting: LHB Ryan Lowe 0-0: 2-RUN HOME RUN (Flyball, 7LD, EV 96.9 MPH), Distance : 337 ft
Batting: RHB Josh Ruhl 0-0: Ball
1-0: Ball
2-0: Ball
3-0: Called Strike
3-1: Base on Balls
Batting: RHB Leon Alders 0-0: Ball
Pickoff Throw to First - Error! E1
Josh Ruhl to second
1-0: Foul Ball, location: 2F
1-1: Ball
2-1: Foul Ball, location: 2F
2-2: Ball
3-2: Base on Balls
Batting: RHB Bill Vives 0-0: Fly out, F7 (Flyball, 7D, EV 83.1 MPH)
Top of the 5th over - 2 runs, 1 hit, 1 error, 2 left on base; Tacoma 4 - Omaha 0
BOTTOM OF THE 5TH
Omaha Storm Chasers batting - Pitching for Tacoma Rainiers : LHP Rentaro Minami
Batting: RHB Yuichi Takata 0-0: Ball
1-0: Ball
2-0: Ground out 4-3 (Groundball, 4, EV 103.8 MPH)
Batting: RHB Colin Boddy 0-0: Ball
1-0: Ball
2-0: Fly out, F7 (Flyball, 78D, EV 102.5 MPH)
Batting: LHB Chris Eaker 0-0: Called Strike
0-1: Called Strike
0-2: Ball
1-2: Ball
2-2: Ball
3-2: Ground out 6-3 (Groundball, 6M, EV 99.4 MPH)
Bottom of the 5th over - 0 runs, 0 hits, 0 errors, 0 left on base; Tacoma 4 - Omaha 0
TOP OF THE 6TH
Tacoma Rainiers batting - Pitching for Omaha Storm Chasers : RHP Ken Hall
Batting: RHB Steve Martin 0-0: Ball
1-0: Swinging Strike
1-1: Ball
2-1: Called Strike
2-2: Foul Ball, location: 2F
2-2: Strikes out swinging
Pitching: RHP Brian Straub
Batting: RHB Kagetoki Kawai 0-0: Ball
1-0: Called Strike
1-1: Called Strike
1-2: Strikes out swinging, 2-3 out at first.
Batting: RHB Brad Robidas 0-0: Ball
1-0: Foul Ball, location: 2F
1-1: SINGLE (Groundball, 56S, EV 65.6 MPH) (infield hit)
Batting: LHB Jawad Fahad 0-0: Ball
Brad Robidas steals 2nd, throwing error, E2
Brad Robidas to third
1-0: Ground out U3 (Groundball, 34S, EV 95.6 MPH)
Top of the 6th over - 0 runs, 1 hit, 1 error, 1 left on base; Tacoma 4 - Omaha 0
BOTTOM OF THE 6TH
Omaha Storm Chasers batting - Pitching for Tacoma Rainiers : LHP Rentaro Minami
Pitching: RHP David Lane
Batting: SHB Ryoji Hiraoka 0-0: Called Strike
0-1: Ball
1-1: Ball
2-1: Called Strike
2-2: Ball
3-2: Foul Ball, location: 2F
3-2: Strikes out looking
Batting: LHB Robby Diaz 0-0: Called Strike
0-1: Foul Ball, location: 2F
0-2: Ball
1-2: Strikes out looking
Batting: LHB Jim Pankratz 0-0: Ground out 1-3 (Groundball, 15S, EV 71.2 MPH)
Bottom of the 6th over - 0 runs, 0 hits, 0 errors, 0 left on base; Tacoma 4 - Omaha 0
TOP OF THE 7TH
Tacoma Rainiers batting - Pitching for Omaha Storm Chasers : RHP Brian Straub
Batting: LHB Josh Pittman 0-0: Called Strike
0-1: Ball
1-1: Ground out 6-3 (Groundball, 6, EV 81.2 MPH)
Batting: LHB Ryan Lowe 0-0: Foul Ball, location: 2F
0-1: Called Strike
0-2: SINGLE (Flyball, 7LS, EV 85.0 MPH)
Batting: RHB Josh Ruhl 0-0: Ball
1-0: Ball
2-0: Called Strike
2-1: Ball
3-1: Called Strike
3-2: Foul Ball, location: 2F
3-2: Grounds into double play, 5-4-3 (Groundball, 5, EV 87.5 MPH)
Top of the 7th over - 0 runs, 1 hit, 0 errors, 0 left on base; Tacoma 4 - Omaha 0
BOTTOM OF THE 7TH
Omaha Storm Chasers batting - Pitching for Tacoma Rainiers : RHP David Lane
Pitching: RHP Vinny Reveles
Now in LF: Brendan Bundy
Batting: RHB Eric Sandell 0-0: Ball
1-0: Called Strike
1-1: Foul Ball, location: 2F
1-2: Ball
2-2: Ball
3-2: Foul Ball, location: 2F
3-2: Foul Ball, location: 2F
3-2: Base on Balls
Batting: RHB Jerry Escamilla 0-0: Foul Ball, location: 2F
0-1: Ball
1-1: Foul Ball, location: 2F
1-2: Ball
2-2: Strikes out swinging
Batting: RHB Ken Postlethwaite 0-0: Ball
1-0: Foul Ball, location: 2F
1-1: SINGLE (Flyball, 78S, EV 86.2 MPH)
Eric Sandell to second
Batting: RHB Yuichi Takata 0-0: Ball
1-0: Ball
2-0: Ball
3-0: Called Strike
3-1: Fly out, F8 (Flyball, 8LS, EV 83.8 MPH)
Batting: RHB Colin Boddy 0-0: Ball
1-0: Ball
2-0: Called Strike
2-1: Foul Ball, location: 2F
2-2: Foul Ball, location: 2F
2-2: Strikes out swinging
Bottom of the 7th over - 0 runs, 1 hit, 0 errors, 2 left on base; Tacoma 4 - Omaha 0
TOP OF THE 8TH
Tacoma Rainiers batting - Pitching for Omaha Storm Chasers : RHP Brian Straub
Batting: RHB Leon Alders 0-0: Ground out 4-3 (Groundball, 34D, EV 97.5 MPH)
Batting: RHB Bill Vives 0-0: Ball
1-0: Ball
2-0: Ball
3-0: Called Strike
3-1: Ground out 4-3 (Groundball, 4, EV 85.6 MPH)
Batting: RHB Steve Martin 0-0: Ball
1-0: Ball
2-0: Ball
3-0: Base on Balls
Batting: RHB Kagetoki Kawai 0-0: Ball
1-0: Called Strike
1-1: Ball
2-1: Called Strike
2-2: Fly out, F7 (Flyball, 78S, EV 96.9 MPH)
Top of the 8th over - 0 runs, 0 hits, 0 errors, 1 left on base; Tacoma 4 - Omaha 0
BOTTOM OF THE 8TH
Omaha Storm Chasers batting - Pitching for Tacoma Rainiers : RHP Vinny Reveles
Pitching: LHP Adam Parrish
Pinch Hitting: RHB Taisei Fujii 0-0: Ball
1-0: Ball
2-0: Called Strike
2-1: Ball
3-1: Foul Ball, location: 2F
3-2: Foul Ball, location: 2F
3-2: Ground out 4-3 (Groundball, 4, EV 90.6 MPH)
Batting: SHB Ryoji Hiraoka 0-0: Ground out 6-3 (Groundball, 6, EV 84.4 MPH)
Batting: LHB Robby Diaz 0-0: Ball
1-0: Foul Ball, location: 2F
1-1: Ball
2-1: SINGLE (Line Drive, 8RS, EV 107.5 MPH)
Batting: LHB Jim Pankratz 0-0: Foul Ball, location: 2F
0-1: Ball
1-1: Ball
Wild Pitch!
Robby Diaz to second
2-1: Fly out, F7 (Flyball, 78S, EV 86.2 MPH)
Bottom of the 8th over - 0 runs, 1 hit, 0 errors, 1 left on base; Tacoma 4 - Omaha 0
TOP OF THE 9TH
Tacoma Rainiers batting - Pitching for Omaha Storm Chasers : RHP Brian Straub
Pitching: LHP Gregg Meyers
Now at 1B: Taisei Fujii
Batting: RHB Brad Robidas 0-0: Called Strike
0-1: Foul Ball, location: 2F
0-2: Foul Ball, location: 2F
0-2: Strikes out swinging
Batting: LHB Jawad Fahad 0-0: Called Strike
0-1: Ball
1-1: Ball
2-1: Ball
3-1: Swinging Strike
3-2: Base on Balls
Batting: SHB Brendan Bundy 0-0: Ball
1-0: Called Strike
1-1: Called Strike
1-2: Strikes out looking
Batting: LHB Ryan Lowe 0-0: SINGLE (Line Drive, 6D, EV 97.5 MPH)
Jawad Fahad to second
Batting: RHB Josh Ruhl 0-0: Swinging Strike
0-1: Foul Ball, location: 2F
0-2: Ball
1-2: Fielders Choice at 2nd, 5-4 (Groundball, 56, EV 106.2 MPH)
Top of the 9th over - 0 runs, 1 hit, 0 errors, 2 left on base; Tacoma 4 - Omaha 0
BOTTOM OF THE 9TH
Omaha Storm Chasers batting - Pitching for Tacoma Rainiers : LHP Adam Parrish
Pitching: RHP Jace Daniels
Batting: RHB Eric Sandell 0-0: Ball
1-0: Ball
2-0: Ball
3-0: Base on Balls
Batting: RHB Jerry Escamilla 0-0: Called Strike
0-1: Swinging Strike
0-2: Strikes out swinging
Batting: RHB Ken Postlethwaite 0-0: Foul Ball, location: 2F
0-1: Reached on error, E6 (Groundball, 6, EV 102.5 MPH)
Eric Sandell to second
Batting: RHB Yuichi Takata 0-0: Called Strike
0-1: Foul Ball, location: 2F
0-2: Ball
1-2: Fly out, F7 (Flyball, 78M, EV 86.2 MPH)
Pinch Hitting: SHB Francisco Gutierrez 0-0: Ball
1-0: Ball
2-0: Ball
3-0: Called Strike
3-1: Base on Balls
Eric Sandell to third
Ken Postlethwaite to second
Batting: RHB Taisei Fujii 0-0: Called Strike
0-1: Fly out, F9 (Line Drive, 9S, EV 93.8 MPH)
Bottom of the 9th over - 0 runs, 0 hits, 1 error, 3 left on base; Tacoma 4 - Omaha 0
Thursday, December 15th , 2022 - OOTP Baseball 23.9 Build 102